Map: Terrasses de Prion

Players

pandamona

  • Race: Protoss Protoss
  • League: Silver
  • Spawn Location: 11:00

zidar - Winner!

  • Race: Zerg Zerg
  • League: Silver
  • Spawn Location: 5:00

VOD

Have the link to the VOD?

Description

Time

  • Played on: Dec. 10, 2015, 10:21 a.m.
  • Length: 13:43
Show
View Real Time Build Order
Export as new Build Order

pandamona Protoss 

Build Orders: 1 Gate Expand 

Get SALT Encoding   

  13  0:07  Probe (Chrono Boost)  
  13  0:17  Probe (Chrono Boost)  
  13  0:19  Pylon  
  14  0:34  Probe (Chrono Boost)  
  15  0:38  Gateway  
  15  0:44  Probe (Chrono Boost)  
  15  0:49  Assimilator  
  16  1:16  Nexus  
  16  1:27  Cybernetics Core  
  16  1:36  Probe (Chrono Boost)  
  16  1:39  Zealot  
  19  1:46  Probe (Chrono Boost)  
  20  1:53  Assimilator  
  20  1:56  Pylon  
  20  1:59  Probe (Chrono Boost)  
  21  2:07  Adept  
  23  2:15  Probe (Chrono Boost)  
  23  2:25  Probe (Chrono Boost)  
  24  2:32  Warp Gate (Chrono Boost)  
  24  2:34  Adept  
  24  2:37  Probe  
  27  2:44  Probe  
  27  2:49  Probe  
  29  2:59  Probe  
  29  3:01  Probe  
  31  3:10  Probe  
  32  3:13  Probe  
  32  3:19  Assimilator  
  33  3:20  Probe  
  33  3:25  Probe, Pylon  
  35  3:30  Stalker  
  35  3:31  Probe  
  38  3:37  Probe  
  39  3:42  Probe  
  39  3:46  Gateway  
  40  3:49  Probe  
  40  3:52  Probe  
  42  4:00  Stalker  
  42  4:01  Probe  
  45  4:03  Probe  
  46  4:13  Probe  
  47  4:25  Probe  
  48  4:33  Probe  
  50  4:38  Probe  
  50  4:44  Probe  
  50  4:50  Probe  
  52  4:54  Probe  
  52  4:57  Gateway  
  52  4:58  Gateway  
  53  5:00  Gateway  
  53  5:02  Probe  
  53  5:03  Pylon  
  53  5:06  Pylon  
  54  5:08  Pylon  
  54  5:12  Assimilator, Pylon  
  54  5:14  Pylon  
  54  5:17  Pylon  
  54  5:19  Probe, Pylon  
  55  5:24  Robotics Facility  
  55  5:25  Robotics Facility  
  55  5:27  Robotics Facility  
  55  5:30  Probe, Twilight Council  
  56  5:36  Forge  
  56  5:40  Probe  
  57  5:51  Probe  
  58  5:59  Charge (Chrono Boost)  
  58  6:00  Zealot  
  58  6:02  Zealot x2  
  58  6:03  Zealot x2  
  68  6:15  Protoss Ground Weapons Level 1 (Chrono Boost)  
  68  6:23  Immortal x2  
  76  6:29  Observer  
  77  6:50  Warp Prism  
  79  7:03  Nexus  
  79  7:06  Pylon  
  79  7:08  Pylon  
  79  7:09  Pylon  
  79  7:11  Assimilator  
  79  7:15  Assimilator  
  79  7:22  Blink  
  79  7:26  Zealot x3  
  79  7:27  Zealot x2  
  89  7:38  Gateway x2  
  89  7:41  Gateway  
  89  7:43  Gateway  
  89  7:46  Gateway  
  89  7:48  Gateway  
  89  7:57  Probe, Protoss Ground Armor Level 1 (Chrono Boost)  
  90  8:00  Probe  
  91  8:08  Stalker x2  
  91  8:09  Probe  
  91  8:11  Stalker  
  91  8:12  Probe  
  99  8:21  Probe  
  99  8:24  Probe  
  101  8:33  Probe  
  102  8:36  Probe  
  102  8:40  Sentry  
  102  8:41  Sentry  
  107  8:43  Stalker  
  107  8:44  Stalker x2  
  107  8:45  Probe  
  114  8:48  Probe  
  115  9:01  Robotics Bay  
  115  9:06  Pylon  
  115  9:09  Pylon  
  115  9:14  Pylon  
  115  9:15  Pylon  
  115  9:19  Pylon  
  115  9:21  Pylon  
  115  9:24  Stalker  
  115  9:25  Stalker x2  
  115  9:27  Stalker  
  115  9:29  Stalker  
  125  9:37  Protoss Shields Level 1 (Chrono Boost)  
  125  9:50  Disruptor x2  
  125  9:51  Colossus  
  109  10:02  Zealot x2  
  109  10:03  Zealot x3  
  109  10:04  Zealot  
  109  10:06  Zealot  
  103  10:07  Stalker  
  103  10:08  Stalker x2  
  103  10:10  Stalker  
  91  10:33  Colossus  
  91  10:35  Immortal  
  101  10:45  Immortal  
  101  10:48  Stalker x3  
  101  10:49  Stalker x2  
  115  10:50  Stalker  
  115  10:51  Stalker x2  
  115  10:52  Stalker  
  115  10:53  Stalker  
  115  10:56  Zealot  
  127  11:13  Colossus  
  133  11:22  Pylon  
  105  12:14  Zealot  
  105  12:15  Zealot x3  
  86  12:16  Zealot x2  
  86  12:17  Zealot x3  
  86  12:18  Zealot x2  
  63  12:43  Immortal x2  
  63  12:44  Immortal  
  75  12:48  Stalker x2  
  75  12:49  Stalker  
  75  12:50  Stalker x2  
  75  12:51  Stalker x2  
  80  12:52  Stalker x2  
  80  12:53  Stalker  
  80  12:54  Stalker  
  87  13:21  Zealot x3  
Show
View Real Time Build Order
Export as new Build Order

zidar Zerg - Winner!

Build Orders: Hatch First 

Get SALT Encoding   

  12  0:02  Drone  
  13  0:12  Overlord  
  13  0:17  Drone  
  14  0:37  Drone x3  
  17  0:56  Hatchery  
  16  1:00  Drone  
  17  1:15  Spawning Pool  
  17  1:18  Drone  
  17  1:22  Extractor  
  16  1:46  Drone x2  
  19  1:47  Drone  
  19  1:59  Hatchery  
  18  2:05  Zergling x2  
  19  2:13  Queen  
  21  2:30  Queen  
  23  2:46  Drone x4  
  27  2:54  Overlord  
  27  3:10  Queen  
  27  3:12  Queen  
  31  3:25  Drone x5  
  36  3:41  Queen  
  38  3:49  Roach Warren  
  37  3:56  Metabolic Boost  
  37  4:00  Extractor  
  37  4:01  Drone x5  
  40  4:39  Roach  
  40  4:45  Overlord x3  
  42  4:46  Overlord  
  42  5:04  Lair  
  42  5:10  Drone x2  
  42  5:11  Drone x5  
  49  5:15  Drone x7  
  56  5:36  Extractor  
  56  5:37  Extractor  
  56  5:38  Drone  
  56  5:39  Drone x6  
  61  5:43  Overlord x3  
  61  5:44  Overlord  
  61  5:57  Evolution Chamber  
  61  5:59  Evolution Chamber  
  61  6:02  Extractor  
  58  6:05  Extractor  
  57  6:17  Hydralisk Den, Glial Reconstitution  
  56  6:21  Roach x16  
  56  6:22  Roach  
  90  6:41  Zerg Ground Armor Level 1  
  90  7:08  Zerg Missile Weapons Level 1  
  90  7:16  Hydralisk  
  90  7:17  Hydralisk x3  
  98  7:47  Overlord x4  
  98  7:48  Overlord x2  
  98  8:06  Overseer  
  98  8:09  Pneumatized Carapace  
  98  8:37  Hydralisk x11  
  98  8:38  Hydralisk x9  
  138  8:58  Zerg Ground Armor Level 2  
  138  9:23  Overlord  
  138  9:24  Overlord x3  
  68  10:15  Hydralisk x15  
  68  10:16  Hydralisk x4  
  68  10:17  Roach x5  
  68  10:18  Roach x2  
  68  10:19  Roach  
  108  10:44  Hatchery  
  108  10:46  Roach x7  
  121  11:01  Roach x4  
  121  11:02  Roach  
  131  11:15  Infestation Pit  
  131  11:16  Zerg Missile Weapons Level 2  
  130  11:22  Roach x3  
  130  11:23  Roach x8  
  152  11:27  Ravager  
  153  11:39  Overseer  
  133  12:17  Roach x6, Hydralisk  
  133  12:18  Hydralisk x9  
  149  12:57  Hydralisk x6  
  149  12:58  Hydralisk x3  
Tags
 
Add a new tag
Caveats
  • Supply blocks, unpowered buildings, or Contaminate may cause inaccurate times.
  • Supply counts are checked every 10 seconds.